[Event "45th FIDE Olympiad 2024"]
[Site "Budapest"]
[Date "2024.09.11"]
[Round "1.53"]
[White "Bacrot, Etienne"]
[Black "Espinoza Solano, Jose Nahum"]
[Result "1-0"]
[ECO "C66"]
[WhiteElo "2665"]
[BlackElo "2156"]
[Annotator "TA"]
[PlyCount "116"]
[EventDate "2024.09.05"]
[EventType "team-tourn"]
[EventCountry "HUN"]
[SourceTitle "playchess.com"]
[Source "ChessBase"]
[SourceQuality "1"]
[WhiteTeam "France"]
[BlackTeam "Nicaragua"]
[WhiteTeamCountry "FRA"]
[BlackTeamCountry "NCA"]
[TimeControl "40/5400+30:1800+30"]

1. e4 e5 2. Nf3 Nc6 3. Bb5 d6 4. d4 Bd7 5. Nc3 exd4 6. Nxd4 Nf6 7. O-O Be7 8. Bxc6 bxc6 9. b3 O-O 10. Bb2 Re8 11. Qd3 c5 12. Nde2 Bf8 13. Nf4 Bc6 14. Ncd5 Nxe4 {[%emt 0:09:43] White has an edge.} 15. Rfe1 (15. Rae1 {is more complex.} Bxd5 16. Qxd5 Qg5 17. f3) 15... Bxd5 16. Nxd5 c6 $1 17. Rxe4 cxd5 18. Rxe8 Qxe8 19. Qxd5 Rd8 20. Qd3 d5 21. Bc3 Qe4 22. Re1 Qxd3 23. cxd3 $11 {[%emt 0:00:02][%mdl 4096] Endgame. KRB-KRB} Bd6 24. Kf1 Kf8 25. h3 f6 26. Ba5 Re8 27. Rc1 Ke7 {[%emt 0:01:52] [#]} 28. d4 $1 Rc8 29. dxc5 Rxc5 30. Bd2 Rxc1+ 31. Bxc1 {[%emt 0:00:01] KB-KB} Kd7 32. Ke2 a6 33. Kd3 Kc6 34. Bb2 Bc5 (34... Be7 $11) 35. f4 $16 Bd6 36. f5 Bc5 37. g4 Bd6 38. Ke3 Kb5 (38... h6 $14) 39. g5 $1 Be7 (39... Bc5+ $16 {was called for.} 40. Kf3 fxg5) 40. Kd3 $18 Kc6 41. gxf6 gxf6 42. a4 Kd7 43. Bd4 Kc6 (43... Kd6 {is a better defense.} 44. Ke2 Kc7) 44. Bc3 Bd8 45. Bd4 Be7 46. Ke2 Kd7 47. Kf3 {[%emt 0:00:30] White is more active.} Kd8 $2 {[%emt 0:02:30] [#] A mistake that costs the game.} (47... Kc6 $16 48. Kg4 Kd6) 48. Kg4 $1 Ke8 49. Bc3 Bd8 50. b4 Kd7 51. Kh5 {[%emt 0:00:00] Kh6 would now be deadly.} d4 $2 (51... Bb6 $18 52. Bxf6 d4) 52. Bxd4 {[%emt 0:00:00] White mates.} Kd6 53. Kh6 Kd5 {[%emt 0:00:00] [#]} 54. Kxh7 $1 Kxd4 55. h4 Kc4 56. h5 Bb6 57. h6 Be3 {[%emt 0:00:08] [#]} 58. b5 $1 Kd5 {[%emt 0:00:22] Weighted Error Value: White=0.09 (flawless) /Black=0.25 (precise) .  Loses game:     	---       	Black=1      Mistake:       	---       	Black=5      Inaccurate:     	White=2     	---        OK:         	White=18    	Black=12     Best:        	White=4     	Black=1      Strong:       	White=2     	Black=1} (58... a5 59. Kg7) 1-0

[Event "45th FIDE Olympiad 2024"]
[Site "Budapest"]
[Date "2024.09.11"]
[Round "1.53"]
[White "Camacho Collados, Jose"]
[Black "Houssein, Mohamed Bilal"]
[Result "1-0"]
[ECO "A30"]
[WhiteElo "2352"]
[BlackElo "1870"]
[Annotator "ChessBase"]
[PlyCount "123"]
[EventDate "2024.09.05"]
[EventType "team-tourn"]
[EventCountry "HUN"]
[SourceTitle "playchess.com"]
[Source "ChessBase"]
[SourceQuality "1"]
[WhiteTeam "Wales"]
[BlackTeam "Djibouti"]
[WhiteTeamCountry "WLS"]
[BlackTeamCountry "DJI"]
[TimeControl "40/5400+30:1800+30"]

1. Nf3 c5 2. g3 Nf6 3. Bg2 Nc6 4. O-O e5 5. c4 d5 6. cxd5 Nxd5 7. Nc3 Be6 8. d3 Be7 9. Nxd5 Bxd5 10. Be3 O-O 11. Rc1 b6 12. a3 Qd6 13. Qa4 Rac8 14. Nd2 Bxg2 15. Kxg2 f5 16. f3 Kh8 17. Rc4 Na5 18. Rc2 Qc6 19. Qxc6 Nxc6 20. b4 Nd4 21. Bxd4 exd4 22. bxc5 Rxc5 23. Rxc5 Bxc5 24. Nb3 Re8 25. Kf2 a5 26. Nxc5 bxc5 27. Rb1 Kg8 28. Rb5 Rc8 29. Rxa5 c4 30. dxc4 Rxc4 31. Rxf5 Ra4 32. Rf4 h6 33. h4 Kh7 34. h5 Kg8 35. Ke1 Kh7 36. Kd2 Kg8 37. Kd3 Rxa3+ 38. Kxd4 Ra4+ 39. Ke3 Ra3+ 40. Kf2 Ra2 41. Rf5 Rb2 42. f4 Ra2 43. Kf3 Ra3+ 44. e3 Rb3 45. g4 Ra3 46. g5 hxg5 47. Rxg5 Kf7 48. Rf5+ Ke6 49. Rb5 Kf6 50. Rb6+ Kf7 51. h6 gxh6 52. Rxh6 Ra1 53. e4 Ra3+ 54. Kg4 Ra5 55. e5 Ke7 56. Kf5 Ra4 57. Rh7+ Kf8 58. Rb7 Ke8 59. e6 Kd8 60. Ke5 Kc8 61. Rd7 Ra5+ 62. Kf6 1-0

[Event "45th FIDE Olympiad 2024"]
[Site "Budapest"]
[Date "2024.09.11"]
[Round "1.54"]
[White "Alfaro, William"]
[Black "Maurizzi, Marc`andria"]
[Result "0-1"]
[ECO "A70"]
[WhiteElo "2133"]
[BlackElo "2595"]
[Annotator "TA"]
[PlyCount "104"]
[EventDate "2024.09.05"]
[EventType "team-tourn"]
[EventCountry "HUN"]
[SourceTitle "playchess.com"]
[Source "ChessBase"]
[SourceQuality "1"]
[WhiteTeam "Nicaragua"]
[BlackTeam "France"]
[WhiteTeamCountry "NCA"]
[BlackTeamCountry "FRA"]
[TimeControl "40/5400+30:1800+30"]

1. d4 Nf6 2. c4 e6 3. Nf3 c5 4. d5 d6 5. Nc3 exd5 6. cxd5 g6 7. h3 Bg7 8. e4 O-O 9. Bd3 Nbd7 10. O-O a6 11. a4 Ne8 12. Bf4 b6 13. Qe2 Qe7 {[%emt 0:01:50] White is slightly better.} 14. Rae1 Ne5 15. Nxe5 dxe5 16. Be3 Qc7 17. Rc1 Nd6 18. Na2 f5 {[%emt 0:05:38] [#]} (18... a5 $14) 19. f3 (19. a5 $1 $16) 19... a5 $14 20. b3 f4 21. Bf2 g5 22. Nc3 h5 23. Nb5 Qd8 24. Nxd6 Qxd6 25. Bb5 Bf6 26. Rfd1 Ra7 27. Kf1 g4 28. hxg4 (28. fxg4 hxg4 29. hxg4 Rg7 $17) 28... hxg4 29. Ke1 $1 Bd8 (29... Rh7 $15) 30. Kd2 $11 Rg7 31. Kc2 Rf6 32. Kb1 Rh6 33. Ba6 Bd7 34. Bb5 Rh2 35. Bxd7 Qxd7 36. Rh1 $2 {[%emt 0:14:20] [#]} (36. Qf1 $11 {and White stays safe.}) 36... Rxg2 $2 (36... g3 $1 $19 {[%cal Oh2g2] aiming for ...Rxg2!} 37. Rhg1 (37. Rxh2 $2 gxh2 38. Qf1 Rh7 $19) 37... gxf2 38. Qxf2 Be7) 37. Rcg1 (37. fxg4 $1 $15 Qxg4 38. Qb5) 37... Rxg1+ $19 38. Rxg1 g3 39. Be1 {[%emt 0:00:31] White is weak on the dark squares} Qh3 40. Qb5 Qd7 (40... Kh7 $19 {Hoping for ...Be7.} 41. d6 (41. Qe8 $2 Be7 $19) 41... Qd7 (41... Qh2 42. Qe8 $11) 42. Qxd7 Rxd7) 41. Bc3 $2 (41. Qe2 $1 $11 {and White is okay.}) 41... Qxb5 42. axb5 {[%emt 0:00:01][%mdl 4096] Endgame. KRB-KRB} Bc7 {[%emt 0:06:13] And now ...Bd6 would win.} 43. Kc2 Bd6 ({Weaker is} 43... g2 44. Be1 $17) 44. Kd3 Rh7 {[%emt 0:00:00][%cal Oc5c4] ...c4+! is the strong threat.} ({Less strong is} 44... g2 45. Kc4 $19) 45. Kc4 Kf7 46. Bxa5 bxa5 {[%emt 0:00:00] KRB-KR} 47. b6 Ke7 48. Kb5 Kd7 49. Ra1 g2 {[%emt 0:00:00] ( -> ...Rh1)} 50. Rxa5 Bb8 {[%emt 0:00:00] Black mates.} (50... g1=R $2 {too greedy.} 51. Ra7+ Kc8 52. Rxh7 $16) 51. Ra8 Kc8 52. Kc6 Rh6+ {[%emt 0:00:00] Weighted Error Value: White=0.79/Black=0.25 (precise) .  Loses game:     	White=3     	---        Missed win:     	---       	Black=2      Mistake:       	White=1     	Black=2      Inaccurate:     	White=5     	Black=2      OK:         	White=7     	Black=11     Best:        	---       	Black=2      Strong:       	White=1     	---} 0-1

[Event "45th FIDE Olympiad 2024"]
[Site "Budapest"]
[Date "2024.09.11"]
[Round "1.54"]
[White "Omar, Aden Omar"]
[Black "Toczek, Grzegorz"]
[Result "1/2-1/2"]
[ECO "B15"]
[WhiteElo "1779"]
[BlackElo "2301"]
[Annotator "ChessBase"]
[PlyCount "114"]
[EventDate "2024.09.05"]
[EventType "team-tourn"]
[EventCountry "HUN"]
[SourceTitle "playchess.com"]
[Source "ChessBase"]
[SourceQuality "1"]
[WhiteTeam "Djibouti"]
[BlackTeam "Wales"]
[WhiteTeamCountry "DJI"]
[BlackTeamCountry "WLS"]
[TimeControl "40/5400+30:1800+30"]

1. e4 c6 2. d4 d5 3. Nc3 dxe4 4. Nxe4 Nf6 5. Nxf6+ exf6 6. Bd3 Qxd4 7. Nf3 Qd5 8. O-O Be6 9. Re1 Nd7 10. Bf4 Nc5 11. Bf1 O-O-O 12. Qe2 Be7 13. a4 Rhe8 14. b4 Nd7 15. Qa6 Bd6 16. Bxd6 Qxd6 17. Qxa7 Qb8 18. Qd4 Ne5 19. Qc3 Bd5 20. Nd4 Qd6 21. b5 Kb8 22. Reb1 c5 23. Nf5 Qd7 24. Ne3 Be6 25. b6 Qd4 26. Qa3 Nc4 27. Bxc4 Bxc4 28. c3 Qf4 29. Qxc5 Ba6 30. Rd1 Qe5 31. Qb4 f5 32. c4 f4 33. Nd5 f3 34. Nc7 Qg5 35. g3 Rxd1+ 36. Rxd1 Rd8 37. Nxa6+ bxa6 38. Qb3 Rxd1+ 39. Qxd1 Qf6 40. h3 Qxb6 41. Qxf3 Qe6 42. c5 Kc7 43. Kh2 g6 44. Qc3 h5 45. Qa5+ Kb7 46. Qb4+ Kc6 47. a5 Kd5 48. Qb6 Qc6 49. g4 hxg4 50. hxg4 Qxc5 51. Qb7+ Ke5 52. Qxf7 Qxa5 53. Qe7+ Kf4 54. Qf6+ Kxg4 55. Qxg6+ Kf4 56. Qf6+ Qf5 57. Qxa6 Ke5 1/2-1/2

[Event "45th FIDE Olympiad 2024"]
[Site "Budapest"]
[Date "2024.09.11"]
[Round "1.55"]
[White "Fressinet, Laurent"]
[Black "Rocha, Maximiliano"]
[Result "1/2-1/2"]
[ECO "D37"]
[WhiteElo "2616"]
[BlackElo "2156"]
[Annotator "TA"]
[PlyCount "63"]
[EventDate "2024.09.05"]
[EventType "team-tourn"]
[EventCountry "HUN"]
[SourceTitle "playchess.com"]
[Source "ChessBase"]
[SourceQuality "1"]
[WhiteTeam "France"]
[BlackTeam "Nicaragua"]
[WhiteTeamCountry "FRA"]
[BlackTeamCountry "NCA"]
[TimeControl "40/5400+30:1800+30"]

1. d4 d5 2. c4 e6 3. Nf3 Nf6 4. Nc3 h6 5. g3 Nc6 6. Bg2 Bd6 7. O-O O-O 8. c5 {[%emt 0:05:18] White is slightly better.} Be7 9. Bf4 b6 10. cxb6 cxb6 11. Ne5 Bb7 12. Rc1 Rc8 13. h4 Nh5 14. Be3 (14. Bd2 $11) 14... Nf6 (14... Bd6 $15 {deserves consideration.}) 15. Qd3 Nd7 16. f4 (16. Nxc6 {simplifies} Rxc6 17. Bf4 Nf6 18. Rc2) 16... Na5 17. Bf2 Nc4 18. Nxc4 dxc4 19. Qd1 Bxg2 20. Kxg2 Nf6 21. e4 h5 (21... b5 $5) 22. Qf3 Bb4 23. Ne2 Qd7 24. a3 Ba5 25. Be1 (25. Bg1 $11 {is superior.}) 25... Bxe1 $15 26. Rfxe1 b5 27. e5 Ng4 28. Rcd1 a5 29. Nc3 (29. d5 $15) 29... b4 $17 30. Ne4 Rc6 31. Nc5 {[%emt 0:01:22] [#]} Qc8 ({Black should play} 31... Qd5 $1 $17 32. Qxd5 exd5) 32. axb4 {[%emt 0:04:11] Weighted Error Value: White=0.17 (very precise) /Black=0.13 (very precise) .  Mistake:       	White=3     	Black=2      Inaccurate:     	White=3     	Black=2      OK:         	White=5     	Black=12     Best:        	White=1     	Black=1} 1/2-1/2

[Event "45th FIDE Olympiad 2024"]
[Site "Budapest"]
[Date "2024.09.11"]
[Round "1.55"]
[White "Blackburn, Jonathan L B"]
[Black "Mohamed, Ali Dima"]
[Result "1-0"]
[ECO "A40"]
[WhiteElo "2202"]
[BlackElo "1761"]
[Annotator "ChessBase"]
[PlyCount "51"]
[EventDate "2024.09.05"]
[EventType "team-tourn"]
[EventCountry "HUN"]
[SourceTitle "playchess.com"]
[Source "ChessBase"]
[SourceQuality "1"]
[WhiteTeam "Wales"]
[BlackTeam "Djibouti"]
[WhiteTeamCountry "WLS"]
[BlackTeamCountry "DJI"]
[TimeControl "40/5400+30:1800+30"]

1. d4 e6 2. c4 b6 3. Nf3 Bb7 4. g3 g6 5. Bg2 d6 6. Nc3 Nd7 7. O-O Bg7 8. Rb1 Ne7 9. e4 h6 10. Be3 a6 11. Qd2 g5 12. h4 g4 13. Nh2 h5 14. f3 f5 15. fxg4 fxg4 16. Rf2 c5 17. dxc5 dxc5 18. Qd6 Nf8 19. Qf4 Bxc3 20. bxc3 Nf5 21. exf5 Qd3 22. Bxb7 Qxb1+ 23. Rf1 Qxf5 24. Qd6 Rd8 25. Bc6+ Kf7 26. Qxd8 1-0

[Event "45th FIDE Olympiad 2024"]
[Site "Budapest"]
[Date "2024.09.11"]
[Round "1.56"]
[White "Sanchez, Steven"]
[Black "Lagarde, Maxime"]
[Result "0-1"]
[ECO "A46"]
[WhiteElo "2072"]
[BlackElo "2598"]
[Annotator "TA"]
[PlyCount "106"]
[EventDate "2024.09.05"]
[EventType "team-tourn"]
[EventCountry "HUN"]
[SourceTitle "playchess.com"]
[Source "ChessBase"]
[SourceQuality "1"]
[WhiteTeam "Nicaragua"]
[BlackTeam "France"]
[WhiteTeamCountry "NCA"]
[BlackTeamCountry "FRA"]
[TimeControl "40/5400+30:1800+30"]

1. d4 Nf6 2. Bf4 d6 3. Nf3 Nbd7 4. Nc3 c5 5. e3 a6 6. a4 d5 7. Ne5 e6 8. Be2 {[%emt 0:11:00] The position is equal.} Qb6 9. Ra2 Bd6 10. a5 Qc7 11. Bb5 O-O {[%emt 0:09:46] And now ...cxd4 would win.} (11... axb5 $2 12. Nxb5 Nb8 13. Nxc7+ $18) 12. Bxd7 Nxd7 13. Nxd7 Bxd7 14. Bxd6 Qxd6 15. O-O Qc7 16. f4 f5 17. Rf2 Rfc8 18. h3 b6 19. g4 fxg4 20. Qxg4 (20. axb6 $11 Qxb6 21. dxc5 (21. hxg4 a5 $11) 21... Qxc5 22. Qxg4) 20... cxd4 21. exd4 Rf8 ({Better is} 21... b5 $17 22. Ra1 (22. Rg2 g6 $17) 22... Rf8) 22. f5 exf5 (22... Rxf5 $19 23. axb6 Qxb6 24. Rxf5 exf5 25. Nxd5 Qd6 (25... fxg4 26. Nxb6 Rd8 27. c4 $14)) 23. Qf3 (23. Qf4 $17 {is the only way for White.} Qxf4 24. Rxf4) 23... Rae8 $19 (23... bxa5 24. Nxd5 Qd8 25. Nf4 $17) 24. axb6 (24. Ra1 {keeps fighting.}) 24... Qxb6 25. Nxd5 Re1+ 26. Kh2 Qxd4 27. Rxa6 Kh8 {[%emt 0:03:28] Strongly threatening ...Qe5+.} (27... Qxb2 28. c4 Qb8+ 29. Qf4 $17) 28. Rd6 Be6 {[%emt 0:01:05] Hoping for ...Qe5+. Black is more active.} 29. Qf4 (29. c4 $17) 29... Re4 30. Qd2 Qe5+ (30... Qxb2 31. Nc3 Re5 32. Ne2) 31. Nf4 {[%emt 0:00:06] [#]} Bg8 {[%emt 0:00:35][%cal Og7g5] ...g5! is the strong threat.} 32. Kg2 Qxb2 33. Rd3 Rc8 34. Qd1 $2 {[%emt 0:00:05] [#]} (34. Rd8 Rxd8 35. Qxd8) 34... Rxf4 $1 35. Rxf4 (35. Rdf3 Rd4) 35... Rxc2+ 36. Kf3 Qb7+ 37. Ke3 Qe7+ (37... Qa7+ $142 38. Rdd4 Qe7+ 39. Kf3 Qa3+ (39... Qb7+ $2 40. Ke3 $19) 40. Qd3 Rc3) 38. Kf3 Qc5 39. Kg3 Qc7 {[%emt 0:01:26] ...Qc6 would now be deadly.} 40. Kf3 (40. h4 $19 h6 41. Rd6) 40... Qc6+ 41. Ke3 Qe8+ (41... Qc5+ $142 42. Rdd4 g5 43. Qxc2 Qxc2 44. Rxf5 Qxf5 45. Rg4 h5 46. Re4 Qxh3+ 47. Kd2 h4 48. Re7 Qg2+ 49. Re2 h3 50. Ke3 Qg3+ 51. Kd2 h2 52. Rxh2+ Qxh2+ 53. Ke3 Qd6 54. Ke2 Bc4+ 55. Kf3 Qf4+ 56. Kg2 Bd5+ 57. Kg1 Qg3+ 58. Kf1 Bc4#) 42. Kf3 Qh5+ (42... Qa8+ $142 43. Ke3 Qa7+ 44. Rdd4 Qa3+ 45. Qd3 Qc1+ (45... Rc3 $2 46. Rxf5 Qc1+ 47. Kf2 $19) 46. Qd2 Rxd2 47. Rxd2 Qe1+ 48. Re2 Qg3+ 49. Rf3 f4+ 50. Ke4 Bd5+ 51. Kxd5 Qxf3+ 52. Re4 Qd3+ (52... Qxh3 53. Re8#) 53. Rd4 Qf5+ (53... Qxh3 54. Rxf4 g5 55. Re4 $19) 54. Kc6 g5 (54... Qxh3 55. Rd8#) 55. Rd8+ Kg7 56. h4 gxh4 57. Rb8 f3 58. Rb7+ Kg6 59. Rd7 Qxd7+ (59... f2 60. Rd6+ Kf7 61. Rd7+ Ke8 62. Rg7 f1=Q 63. Rg8+ Kf7 64. Rf8+ Kxf8 65. Kb7 Qd7+ 66. Kb8 Qd6+ 67. Kc8 Qfa6#) 60. Kxd7 f2 61. Ke7 h3 (61... f1=B 62. Ke6 Kg5 63. Ke5 h3 64. Kd6 h2 65. Kc6 h1=Q+ 66. Kd6 Qe4 67. Kc5 Kf6 68. Kd6 Qb4+ 69. Kc7 Ba6 70. Kc6 Ke6 71. Kc7 Qd6#) 62. Kf8 f1=Q+ (62... f1=B 63. Ke7 h2 64. Ke6 h1=Q 65. Kd6 Qh2+ 66. Kd5 Qc2 67. Ke5 Qc3+ 68. Ke6 Bb5 69. Kd5 Kf5 70. Kd6 Qe5#) 63. Ke7 Qf6+ (63... h2 64. Ke6 h1=Q 65. Kd6 Qf6+ 66. Kc5 Qhc6+ 67. Kb4 Qfc3#) 64. Kd7 h2 65. Kc8 h1=Q (65... h1=B 66. Kd7 Qc6+ 67. Kd8 Qb7 68. Ke8 Qc7 69. Kf8 Qf7#) 66. Kc7 Qfc6+ 67. Kd8 Qh4#) 43. Kg3 Qg5+ 44. Rg4 f4+ $40 {[%emt 0:00:00][%mdl 128] Black is out for blood.} ({Not} 44... fxg4 45. Qxc2 h5 46. Qd2 Qe5+ 47. Kg2 $15) 45. Kf3 Qc5 {[%emt 0:00:00][%cal Og8d5] ( -> ...Bd5+!)} 46. Qg1 Bd5+ {[%emt 0:00:00] Black mates.} 47. Rxd5 Qxd5+ 48. Kxf4 {[%emt 0:00:00] [#] KQR-KQR} g5+ $1 49. Rxg5 Rc4+ 50. Ke3 Qe4+ 51. Kf2 Qf4+ 52. Ke2 Re4+ 53. Kd1 Qf3+ {[%emt 0:00:00] Weighted Error Value: White=0.79/Black=0.68.  Mistake:       	White=6     	Black=2      Inaccurate:     	White=3     	---        OK:         	White=9     	Black=12     Best:        	White=2     	Black=1      Brilliant:      	---       	Black=1} 0-1

[Event "45th FIDE Olympiad 2024"]
[Site "Budapest"]
[Date "2024.09.11"]
[Round "1.57"]
[White "Barbaria, Yacine"]
[Black "Volokitin, Andrei"]
[Result "0-1"]
[ECO "B23"]
[WhiteElo "2179"]
[BlackElo "2660"]
[Annotator "TA"]
[PlyCount "84"]
[EventDate "2024.09.05"]
[EventType "team-tourn"]
[EventCountry "HUN"]
[SourceTitle "playchess.com"]
[Source "ChessBase"]
[SourceQuality "1"]
[WhiteTeam "Tunisia"]
[BlackTeam "Ukraine"]
[WhiteTeamCountry "TUN"]
[BlackTeamCountry "UKR"]
[TimeControl "40/5400+30:1800+30"]

1. e4 c5 2. Nc3 e6 3. f4 d5 4. Bb5+ Bd7 5. Bxd7+ Qxd7 6. d3 Nc6 7. Nf3 g6 8. O-O Nge7 9. Qe1 Bg7 {[%emt 0:00:46] The position is equal.} 10. Bd2 Nd4 11. Rc1 O-O 12. Ne5 Qd6 13. Ne2 dxe4 14. Nxd4 Qxd4+ 15. Be3 Qxb2 {[%emt 0:15:16] And now ...Nd5 would win.} 16. Bxc5 Rfe8 17. Qxe4 Nd5 (17... Qxa2 $15 18. Qxb7 Qd5 19. Qxd5 Nxd5) 18. c4 (18. Bd4 $1 $11 Nc3 (18... Qxa2 19. c4 $14) 19. Bxc3 Qxc3 20. Qxb7) 18... f5 (18... Nc3 $15 {was preferrable.} 19. Rxc3 Qxc3 20. Qxb7 f6 (20... Bxe5 21. fxe5 Rf8 22. Qe4 $14)) 19. Qd4 $1 $11 Qxd4+ 20. Bxd4 Nb4 21. Rb1 $132 {[%emt 0:04:11][%mdl 2048] White is fighting back} a5 22. a3 Nxd3 23. Rxb7 Red8 24. Bb6 (24. Bc3 $11 Bf6 25. g3) 24... Rdb8 $15 25. Rxb8+ Rxb8 26. c5 Nxe5 27. fxe5 Bxe5 $17 {[%emt 0:00:03][%mdl 4096] Endgame. KRB-KRB} 28. Rd1 {[%emt 0:01:55] Dodges Bd4+} Rc8 (28... a4 $5) 29. a4 Bc3 30. Kf2 e5 {[%emt 0:00:29] White should prevent ...Bd4+.} 31. Ke3 Kf7 32. Kd3 Bb4 33. Kc4 e4 $1 34. Rc1 (34. Rd7+ $11 {remains equal.} Ke6 35. Rd6+ Ke5 36. Rd7) 34... Ke6 35. Rc2 {[%emt 0:00:11] Wards off Bd2} Ke5 36. Kb5 {[%emt 0:00:56][%cal Oc5c6] Repels Rc6} e3 {[%emt 0:00:22] [#] Hoping for ...Ke4.} 37. c6 $1 Bd2 (37... f4 $17) 38. Bxa5 $2 (38. Ka6 $14 {keeps the upper hand.}) 38... Bxa5 39. Kxa5 {[%emt 0:00:04] Black must now prevent Kb6.} Kd6 40. Kb6 (40. Kb5) 40... Rb8+ $19 41. Ka7 {[%emt 0:30:11] [#]} (41. Ka5 $142 Kc7 42. Re2) 41... Kc7 $1 42. g3 g5 {[%emt 0:00:32] Weighted Error Value: White=0.71/Black=0.17 (very precise) .  Mistake:       	White=6     	Black=3      Inaccurate:     	White=2     	Black=2      OK:         	White=9     	Black=14     Best:        	White=4     	Black=1      Strong:       	White=2     	Black=1} 0-1

[Event "45th FIDE Olympiad 2024"]
[Site "Budapest"]
[Date "2024.09.11"]
[Round "1.57"]
[White "Enemchukwu, Chinedu Benjamin"]
[Black "Barrish, Daniel"]
[Result "1/2-1/2"]
[ECO "D00"]
[WhiteElo "2001"]
[BlackElo "2281"]
[Annotator "ChessBase"]
[PlyCount "127"]
[EventDate "2024.09.05"]
[EventType "team-tourn"]
[EventCountry "HUN"]
[SourceTitle "playchess.com"]
[Source "ChessBase"]
[SourceQuality "1"]
[WhiteTeam "Saint Vincent and the Grenadines"]
[BlackTeam "South Africa"]
[BlackTeamCountry "RSA"]
[TimeControl "40/5400+30:1800+30"]

1. e4 c6 2. d4 d5 3. Nc3 dxe4 4. f3 exf3 5. Nxf3 Nf6 6. Bc4 Bf5 7. O-O e6 8. Ne5 Bg6 9. Nxg6 hxg6 10. h3 Nbd7 11. a4 Bd6 12. Be3 O-O 13. Qe1 Nd5 14. Nxd5 exd5 15. Bd3 Bc7 16. Qf2 Nf6 17. Qh4 Ne4 18. Qxd8 Raxd8 19. Bxe4 dxe4 20. c3 f5 21. Rae1 f4 22. Bc1 Rde8 23. g3 fxg3 24. Rxf8+ Kxf8 25. Kg2 Re7 26. Bg5 Rf7 27. Re2 Rf5 28. Bd2 b5 29. axb5 Rxb5 30. Bc1 Rf5 31. Bd2 a5 32. Be1 Rb5 33. b4 axb4 34. cxb4 Kf7 35. Rxe4 Bd6 36. Re3 g5 37. Bxg3 Bxb4 38. Kf3 Ra5 39. Re5 Ra3+ 40. Re3 Ra4 41. Kg4 c5 42. Re4 Bc3 43. Kxg5 Rxd4 44. Rxd4 Bxd4 45. Kf5 g6+ 46. Ke4 Ke6 47. Bf4 Bf6 48. Be3 Kd6 49. Bf2 Kc6 50. h4 c4 51. Be1 Kd6 52. Bb4+ Ke6 53. Be1 c3 54. h5 g5 55. h6 Be5 56. h7 c2 57. Bd2 g4 58. Kd3 Kf7 59. Kxc2 Kg7 60. Kd3 Kxh7 61. Ke4 Bd6 62. Bf4 Bxf4 63. Kxf4 Kg6 64. Kxg4 1/2-1/2

[Event "45th FIDE Olympiad 2024"]
[Site "Budapest"]
[Date "2024.09.11"]
[Round "1.58"]
[White "Karsten, Jan"]
[Black "Cottle, Brian S"]
[Result "1-0"]
[ECO "B04"]
[WhiteElo "2311"]
[BlackElo "1804"]
[Annotator "ChessBase"]
[PlyCount "81"]
[EventDate "2024.09.05"]
[EventType "team-tourn"]
[EventCountry "HUN"]
[SourceTitle "playchess.com"]
[Source "ChessBase"]
[SourceQuality "1"]
[WhiteTeam "South Africa"]
[BlackTeam "Saint Vincent and the Grenadines"]
[WhiteTeamCountry "RSA"]
[TimeControl "40/5400+30:1800+30"]

1. e4 Nf6 2. e5 Nd5 3. d4 d6 4. Nf3 g6 5. Bc4 Nb6 6. Bb3 Bg7 7. Ng5 d5 8. f4 Nc6 9. c3 h6 10. Nf3 Bg4 11. h3 Bf5 12. Qe2 Qd7 13. a4 Na5 14. Bc2 Bxc2 15. Qxc2 O-O 16. b3 Rac8 17. Ba3 Rfe8 18. g4 e6 19. h4 Bf8 20. h5 Bxa3 21. Nxa3 Kg7 22. g5 Rh8 23. hxg6 hxg5 24. O-O-O Qe7 25. Kb2 g4 26. gxf7 Qxf7 27. Ng5 Qf5 28. Nxe6+ Qxe6 29. f5 Qe8 30. f6+ Kf7 31. Rh7+ Rxh7 32. Qxh7+ Ke6 33. Rf1 Nc6 34. Qf5+ Kf7 35. Qh5+ Kf8 36. Qh6+ Kf7 37. Qg7+ Ke6 38. Qxg4+ Kf7 39. e6+ Qxe6 40. Qg7+ Ke8 41. f7+ 1-0

[Event "45th FIDE Olympiad 2024"]
[Site "Budapest"]
[Date "2024.09.11"]
[Round "1.59"]
[White "Meftahi, Houssem"]
[Black "Korobov, Anton"]
[Result "0-1"]
[ECO "B95"]
[WhiteElo "2112"]
[BlackElo "2650"]
[Annotator "TA"]
[PlyCount "50"]
[EventDate "2024.09.05"]
[EventType "team-tourn"]
[EventCountry "HUN"]
[SourceTitle "playchess.com"]
[Source "ChessBase"]
[SourceQuality "1"]
[WhiteTeam "Tunisia"]
[BlackTeam "Ukraine"]
[WhiteTeamCountry "TUN"]
[BlackTeamCountry "UKR"]
[TimeControl "40/5400+30:1800+30"]

1. e4 c5 2. Nf3 d6 3. d4 cxd4 4. Nxd4 Nf6 5. Nc3 a6 6. Bc4 e6 7. Bb3 Be7 8. Bg5 O-O 9. f4 (9. O-O $5) 9... b5 10. Qf3 Bb7 {[%emt 0:10:01] With the idea ...b4.} 11. O-O-O (11. Bxe6 $11 fxe6 12. Nxe6) 11... b4 $17 12. Bxf6 $1 Bxf6 13. Nce2 (13. Na4 $15 {should be considered.}) 13... a5 14. Ba4 Na6 15. g4 (15. Nb3 $17) 15... Rc8 {[%emt 0:06:21] ...Nc5 would now be deadly.} 16. Bb5 ({Don't blunder} 16. g5 $2 Bxd4 17. Rxd4 Nc5 $19) (16. Nb3 $17) 16... Nc5 $19 17. Bd3 e5 18. g5 {[%emt 0:02:33] [#]} Bxg5 ({Resist} 18... exd4 19. gxf6 Qxf6 20. Rhg1) 19. fxg5 Qxg5+ ({But not} 19... exd4 20. Rhg1 $19) 20. Kb1 exd4 21. Nxd4 Qe5 22. Nf5 (22. Qe3) 22... Na4 {[%emt 0:00:41][%csl Ga4][%cal Re5b2] Black is clearly winning.} 23. c3 {[%emt 0:02:11] [#]} Nxb2 $1 24. Kxb2 Rxc3 {[%emt 0:00:30][%cal Oc3b3] ( -> ...Rb3+!)} 25. Kb1 {[%emt 0:00:13] [#]} Rxd3 $1 {[%emt 0:00:19][%mdl 512] Black took control after the opening.   Weighted Error Value: White=1.11/Black=0.32.  Mistake:       	White=5     	---        Inaccurate:     	White=2     	Black=1      OK:         	White=2     	Black=8      Strong:       	White=1     	---} 0-1